 Dungeon Crawl Stone Soup version 0.26-a0-597-gb535b0901c (webtiles) character file.

Game seed: 2761401671719405242

3360 Superazbuka the Blocker (level 9, -10/85 HPs)
             Began as a Deep Dwarf Fighter on Sept 7, 2020.
             Was a Believer of Makhleb.
             Mangled by a death yak (20 damage)
             ... on level 9 of the Dungeon.
             The game lasted 00:09:14 (5909 turns).

Superazbuka the Blocker (Deep Dwarf Fighter)        Turns: 5909, Time: 00:09:14

Health: -10/85     AC: 11    Str: 23    XL:     9   Next: 73%
Magic:  4/4        EV:  8    Int:  9    God:    Makhleb [**....]
Gold:   358        SH: 11    Dex: 12    Spells: 8/8 levels left

rFire    . . .     SeeInvis .   u - +1 war axe (vorpal)
rCold    . . .     Faith    .   c - +0 kite shield
rNeg     . . .     Spirit   .   b - +0 scale mail
rPois    .         Reflect  .   (no helmet)
rElec    .         Harm     .   (no cloak)
rCorr    .                      y - +2 pair of gloves
MR       +....                  (no boots)
Stlth    ..........             (no amulet)
HPRegen  0.00/turn              (no ring)
MPRegen  0.09/turn              (no ring)

@: non-regenerating
A: damage resistance, heal wounds, sense surroundings 2, no regeneration
a: Heal Wounds, Minor Destruction, Renounce Religion


You were on level 9 of the Dungeon.
You worshipped Makhleb.
Makhleb was pleased with you.
You visited 2 branches of the dungeon, and saw 10 of its levels.

You collected 572 gold pieces.
You spent 214 gold pieces at shops.

Inventory:

Hand Weapons
 u - a +1 vorpal war axe (weapon)
Armour
 b - a +0 scale mail (worn)
 c - a +0 kite shield (worn)
 y - a +2 pair of gloves (worn)
Scrolls
 g - 2 scrolls of random uselessness {unknown}
 h - a scroll of amnesia {unknown}
 j - 6 scrolls of teleportation
 k - 6 scrolls of identify
 l - 4 scrolls of remove curse
 n - a scroll of magic mapping {unknown}
 q - a scroll of noise {unknown}
 t - 4 scrolls of enchant armour {unknown}
 x - a scroll of fear {unknown}
 z - a scroll of torment {unknown}
 A - a scroll of holy word {unknown}
Potions
 a - a potion of invisibility {unknown}
 d - a potion of might
 e - 4 potions of lignification
 f - 3 potions of brilliance
 i - 4 potions of curing
 m - a potion of magic {unknown}
 o - a potion of degeneration {unknown}
 p - 3 potions of mutation
 r - a potion of berserk rage {unknown}
 s - a potion of stabbing {unknown}
 v - a potion of haste {unknown}
 w - 2 potions of heal wounds


   Skills:
 + Level 6.9 Fighting
 + Level 7.9 Axes
 + Level 8.3 Armour
 + Level 8.3 Shields


You had 8 spell levels left.
You didn't know any spells.
Your spell library was empty.

Dungeon Overview and Level Annotations

Branches:
Dungeon (9/15)             Temple (1/1) D:6            Lair (0/6) D:9
    Orc: D:9-12

Altars:
Ashenzari
Cheibriados
Dithmenos
Elyvilon
Fedhas
Gozag
Hepliaklqana
Kikubaaqudgha
Makhleb
Nemelex Xobeh
Okawaru
Qazlal
Ru
Sif Muna
Trog
Uskayaw
Vehumet
Wu Jian
Xom
Yredelemnul
Zin
The Shining One

Shops:
D:7 [


Innate Abilities, Weirdness & Mutations

You are resistant to damage.
You can heal yourself by infusing magical energy.
You passively map the area around you.
You do not regenerate.


Message History

You block the death yak's attack.
You barely miss the death yak.
The death yak is lightly wounded.
The death yak snorts and paws the ground.
The death yak gores you.
You hit the death yak.
The death yak is lightly wounded.
The death yak gores you!
You barely miss the death yak.
The death yak is lightly wounded.
The death yak gores you!
You slash the death yak!
The death yak is moderately wounded.
The death yak gores you!!
* * * LOW HITPOINT WARNING * * *
You block the death yak's attack.
You slash the death yak!
The death yak is heavily wounded.
The death yak gores you!!
You die...

, , , ,* , , *
...###+ , # *,
*#..... ,, , *
, #., * #....#
*** ** , * ,
..H, #....# *
...., #....# ,
, ..... #....#
,
.#..YH###....#
,....YYYY@....#
,
,>....#Y#####.#
, ..# #.* #.#
,, * , #.
,,,#.####### *
, *, , #.+
#.......# , ,,,
,,#. ,
#.......# #.
####.......# ,
,
..............#
, , ,
,,....#####...#


You could see 5 death yaks, a hippogriff and an ice beast.

Vanquished Creatures
  A hippogriff (D:7)
  A wyvern (D:9)
  A steam dragon (D:8)
  Eustachio (D:5)
  Purgy (D:3)
  An orc warrior (D:8)
  A sky beast (D:7)
  A phantom (D:6)
  2 black bears
  A necrophage (D:6)
  3 ogres
  A centaur (D:6)
  Blork the orc (D:6)
  5 scorpions
  A howler monkey (D:7)
  8 wights
  2 centaur zombies
  A quasit (D:6)
  3 bullfrog skeletons
  2 hounds
  2 centaur skeletons
  3 jellies
  An orc priest (D:5)
  4 orc wizards
  Terence (D:3)
  5 worker ants
  Natasha (D:2)
  2 iguanas
  2 hound zombies
  2 hound skeletons
  A worker ant zombie (D:8)
  3 gnolls (D:4)
  A howler monkey skeleton (D:5)
  12 adders
  3 shadow imps
  2 white imps
  2 ufetubi
  An ooze (D:3)
  2 adder skeletons (D:7)
  6 worms
  2 dart slugs
  4 leopard geckos
  16 orcs
  6 bats
  5 giant cockroaches
  8 goblins
  9 hobgoblins
  3 jackals (D:6)
  2 quokkas
  2 ball pythons
  3 frilled lizards (D:2)
  5 kobolds
  A quokka zombie (D:5)
  7 rats
167 creatures vanquished.

Vanquished Creatures (others)
  2 plants (D:3)
2 creatures vanquished.

Grand Total: 169 creatures vanquished

Notes
Turn   | Place    | Note
-------+----------+-------------------------------------------
     0 | D:1      | Superazbuka the Deep Dwarf Fighter began the quest for the
                  | Orb.
     0 | D:1      | Reached XP level 1. HP: 20/20 MP: 1/1
   379 | D:1      | Reached XP level 2. HP: 22/27 MP: 2/2
   823 | D:2      | Reached XP level 3. HP: 33/34 MP: 2/2
   925 | D:2      | Noticed Natasha
   938 | D:2      | Killed Natasha
   938 | D:2      | Reached XP level 4. HP: 28/42 MP: 2/2
  1402 | D:3      | Noticed Purgy
  1424 | D:3      | Killed Purgy
  1424 | D:3      | Reached XP level 5. HP: 33/50 MP: 2/2
  1497 | D:3      | Noticed Terence
  1520 | D:3      | Killed Terence
  1617 | D:3      | Reached XP level 6. HP: 41/57 MP: 2/2
  2545 | D:4      | Found a shattered altar of Ashenzari.
  2758 | D:4      | Reached skill level 5 in Shields
  2809 | D:5      | Entered Level 5 of the Dungeon
  2850 | D:5      | Reached skill level 5 in Armour
  2906 | D:5      | Reached XP level 7. HP: 57/64 MP: 3/3
  3371 | D:5      | Found a hazy altar of Hepliaklqana.
  3415 | D:5      | Found a white marble altar of Elyvilon.
  3417 | D:5      | Noticed Eustachio
  3438 | D:5      | Killed Eustachio
  3438 | D:5      | Reached skill level 5 in Axes
  3622 | D:6      | Noticed Blork the orc
  3651 | D:6      | Killed Blork the orc
  3798 | D:6      | Reached skill level 5 in Fighting
  3798 | D:6      | Reached XP level 8. HP: 26/74 MP: 3/3
  4011 | D:6      | Found a staircase to the Ecumenical Temple.
  4025 | Temple   | Entered the Ecumenical Temple
  4044 | Temple   | Became a worshipper of Makhleb the Destroyer
  4410 | D:6      | Found a sacrificial altar of Ru.
  4665 | D:7      | Noticed a hippogriff
  4676 | D:7      | Killed a hippogriff
  4676 | D:7      | Gained mutation: You passively map the area around you.
                  | [Deep Dwarf growth]
  4676 | D:7      | Reached XP level 9. HP: 38/82 MP: 4/4
  4704 | D:7      | Reached * piety under Makhleb
  4736 | D:7      | Found an opulent altar of Gozag.
  4899 | D:7      | Found Nufigg's Armour Boutique.
  4902 | D:7      | Bought a +2 pair of gloves for 214 gold pieces
  5686 | D:8      | Reached ** piety under Makhleb
  5892 | D:9      | Noticed a death yak
  5894 | D:9      | Found a staircase to the Lair.
  5894 | D:9      | Noticed a death yak
  5898 | D:9      | Noticed a death yak
  5899 | D:9      | Noticed a death yak
  5899 | D:9      | Noticed a death yak
  5909 | D:9      | Mangled by a death yak

Illustrated notes

Levels and vault maps discovered:
D:1:      kilobyte_arrival_exit_the_forest, layout_loops_ring
D:2:      layout_rooms, uniq_natasha
D:3:      layout_loops_ring, serial_bayou, serial_bayou_shore_b,
          serial_bayou_pond_e, serial_bayou_pond_a, serial_bayou_pond_e,
          serial_bayou_shore_b, chequers_serial_rivers_micro_d,
          kennysheep_cross_room, grunt_decor_cap, st_stairs_14, uniq_terence,
          uniq_purgy
D:4:      layout_basic, evilmike_ruin_ashenzari
D:5:      layout_loops_cross, marbit_many_paths, chequers_garden,
          elyvilon_altar_1, uniq_eustachio
D:6:      layout_basic, minmay_temple_entry_statues_fountains, basic_altar,
          uniq_blork_the_orc
D:7:      layout_rooms, serial_shops, kennysheep_mini_moat, grunt_gozag_statues
D:8:      layout_loops_corners
D:9:      layout_irregular_city, dpeg_lair_monsters
Temple:   nicolae_temple_the_god_donut

Skill      XL: |  1  2  3  4  5  6  7  8  9 |
---------------+----------------------------+-----
Fighting       | 3 4 5 6 |  6.9
Axes           | 3 4 5 6 7 |  7.9
Shields        | 4 5 6 7 8 |  8.3
Armour         | 4 5 6 7 8 |  8.3

Action                   |  1- 3 |  4- 6 |  7- 9 || total
-------------------------+-------+-------+-------++-------
Melee: War axe           |    79 |   190 |   395 ||   664
 Abil: Heal Wounds       |     2 |     5 |    13 ||    20
  Use: Scroll            |       |     5 |     2 ||     7
Armor: Scale mail        |    47 |    72 |   136 ||   255
Dodge: Dodged            |    27 |    66 |   123 ||   216
Block: Kite shield       |    46 |   127 |   242 ||   415

Table legend: (Time is in decaauts)
 A = Elapsed time spent in this place.
 B = Non-inter-level travel time spent in this place.
 C = Inter-level travel time spent in this place.
 D = Time resting spent in this place.
 E = Time spent auto-exploring this place.
 F = Levels seen in this place.
 G = Mean time per level.
                   A        B        C        D        E       F      G
               +--------+--------+--------+--------+--------+-----+--------+
         Total |   6124 |   5897 |    227 |    258 |   4215 |  10 |  612.4 |
       Dungeon |   5882 |   5677 |    205 |    258 |   4001 |   9 |  653.6 |
        Temple |    241 |    219 |     22 |      0 |    214 |   1 |  241.0 |
               +--------+--------+--------+--------+--------+-----+--------+

Top non-repeatable levels by time:
     D:3: 905 daAuts
     D:8: 882 daAuts
     D:5: 840 daAuts
     D:1: 804 daAuts
     D:6: 731 daAuts
     D:4: 697 daAuts
     D:2: 513 daAuts
     D:7: 437 daAuts
  Temple: 241 daAuts
     D:9: 70 daAuts
